Map: Ruins of Endion

Players

Miszu

  • Race: Terran Terran
  • League: Master

Scandi - Winner!

  • Race: Terran Terran
  • League: Grandmaster

VOD

Have the link to the VOD?

Description

Time

  • Played on: April 25, 2016, 1:22 p.m.
  • Length: 7:34
Show
View Real Time Build Order
Export as new Build Order

Miszu Terran 

Build Orders:  

Get SALT Encoding   

  12  0:01  SCV  
  13  0:13  SCV  
  14  0:18  Supply Depot  
  14  0:25  SCV  
  15  0:40  SCV  
  15  0:42  Barracks  
  16  0:44  Refinery  
  16  0:52  SCV  
  17  1:02  Refinery  
  17  1:04  SCV  
  18  1:16  SCV  
  19  1:30  Marine  
  19  1:31  Orbital Command  
  20  1:36  Factory  
  20  1:46  Supply Depot  
  20  1:48  Marine  
  21  1:57  SCV  
  22  2:06  Marine  
  23  2:10  SCV  
  24  2:18  Supply Depot  
  24  2:19  Hellion  
  25  2:24  Marine  
  26  2:30  Starport  
  26  2:32  SCV  
  27  2:41  Marine, Factory Tech Lab  
  28  2:44  SCV  
  29  2:52  Supply Depot  
  29  2:56  SCV  
  30  2:59  Marine  
  31  3:07  Factory Reactor  
  31  3:08  SCV  
  32  3:17  Marine  
  32  3:19  Raven  
  35  3:20  SCV  
  36  3:28  Supply Depot  
  36  3:32  SCV  
  37  3:45  SCV  
  24  4:07  SCV  
  19  4:13  Siege Tank  
  19  4:16  Marine x2  
  23  4:18  Medivac  
  23  4:19  SCV  
  25  4:31  SCV  
  22  4:33  Marine  
  22  4:34  Marine  
  22  4:45  Siege Tank  
  22  4:51  Marine x2  
  23  5:07  Medivac  
  23  5:09  Marine  
  23  5:11  Marine  
  27  5:15  SCV  
  28  5:27  Marine  
  28  5:28  SCV  
  30  5:44  SCV  
  30  5:46  Marine  
  33  5:52  Viking  
  33  5:57  SCV  
Show
View Real Time Build Order
Export as new Build Order

Scandi Terran - Winner!

Build Orders: 1/1/1 

Get SALT Encoding   

  12  0:01  SCV  
  13  0:13  SCV  
  14  0:17  Supply Depot  
  14  0:27  SCV  
  15  0:30  Refinery  
  15  0:39  SCV  
  16  0:45  Barracks  
  16  0:51  SCV  
  16  0:56  Refinery  
  17  1:03  SCV  
  18  1:16  SCV  
  20  1:34  Factory  
  20  1:35  Orbital Command  
  20  1:37  Reaper  
  20  1:50  Supply Depot  
  20  2:00  SCV  
  21  2:09  Reaper  
  21  2:12  SCV  
  23  2:21  Starport, Hellion  
  25  2:24  SCV  
  26  2:32  Supply Depot  
  26  2:36  SCV  
  27  2:43  Reaper  
  30  2:44  Hellion  
  30  2:48  SCV  
  31  2:57  Medivac  
  33  3:00  Supply Depot  
  33  3:06  Hellion  
  35  3:18  Barracks Reactor, SCV  
  35  3:27  Viking  
  35  3:31  Factory Tech Lab  
  37  3:40  Command Center  
  35  4:12  Marine x2, SCV  
  35  4:13  Medivac, Siege Tank  
  35  4:17  Supply Depot  
  42  4:30  Marine  
  43  4:34  SCV  
  43  4:36  Marine  
  45  4:48  Marine  
  42  4:56  Siege Tank, SCV  
  42  4:57  Medivac, Orbital Command  
  42  4:59  Marine  
  49  5:06  Marine  
  50  5:08  Barracks  
  50  5:12  Barracks  
  50  5:14  SCV  
  51  5:16  Orbital Command  
  51  5:19  Marine  
  52  5:24  Marine  
  52  5:26  SCV  
  54  5:41  Marine x2  
  54  5:42  Starport Reactor, Siege Tank  
  59  5:46  SCV  
  59  5:47  SCV  
  61  5:51  Engineering Bay  
  61  5:57  Barracks Tech Lab  
  61  5:58  SCV  
  46  6:11  SCV x2  
  46  6:12  Marine x2  
  46  6:14  Marine  
  41  6:23  SCV  
  42  6:30  Marine  
  42  6:31  Marine  
  44  6:35  Marine  
  46  6:40  Factory Tech Lab  
  45  6:48  Marine, SCV x2  
  45  6:49  Marine  
  45  6:53  Marine  
  42  7:06  Marine  
  42  7:07  Marine  
  44  7:09  SCV x2  
  47  7:21  SCV  
Tags
 
Add a new tag
Caveats
  • Supply blocks, unpowered buildings, or Contaminate may cause inaccurate times.
  • Supply counts are checked every 10 seconds.